 Dungeon Crawl Stone Soup version 0.21-a0-348-ga060c75 (webtiles) character file.

9279 Internecine the Quickloader (level 11, -9/86 HPs)
             Began as a Gnoll Hunter on Oct 5, 2017.
             Was a Priest of Okawaru.
             Killed by drain life
             ... invoked by a soul eater
             ... summoned by an orc high priest
              (11 damage)
             ... on level 2 of the Orcish Mines on Oct 6, 2017.
             The game lasted 01:36:48 (10100 turns).

Internecine the Quickloader (Gnoll Hunter)         Turns: 10100, Time: 01:36:55

Health: -9/86      AC: 22    Str: 21    XL:     11   Next: 44%
Magic:  0/20       EV: 16    Int: 22    God:    Okawaru [***...]
Gold:   971        SH:  7    Dex: 19    Spells: 20/22 levels left

rFire    . . .     SeeInvis +   K - +6 broad axe (elec)
rCold    . . .     Gourm    .   u - +1 buckler
rNeg     . . .     Faith    .   Q - +5 scale mail of the Echidna {SInv}
rPois    .         Spirit   +   v - +2 hat
rElec    +         Reflect  .   p - scarf {Spirit}
rCorr    .         Harm     .   C - +0 pair of gloves
MR       .....     Rnd*Tele +   e - +0 pair of boots
Stlth    ++........             t - amulet of the Lily {*Corrode +Rage Int+6}
HPRegen  0.24/turn              X - +5 ring of strength
MPRegen  0.17/turn              T - +5 ring of protection

@: about to teleport, very slightly contaminated, slowed, very slow
A: distributed training, fangs 1, clever 1, electricity resistance, strong 1,
teleportitis 1, strong nose
a: Heroism, Renounce Religion, Evoke Berserk Rage


You were on level 2 of the Orcish Mines.
You worshipped Okawaru.
Okawaru was most pleased with you.
You were not hungry.

You visited 3 branches of the dungeon, and saw 14 of its levels.

You collected 1160 gold pieces.
You spent 189 gold pieces at shops.

Inventory:

Hand Weapons
 K - a +6 broad axe of electrocution (weapon)
 V - the +9 hunting sling "Tual" {velocity, Int+5}
   (You found it on level 4 of the Dungeon)

   Any stone fired from it inflicts extra damage.
   It affects your intelligence (+5).
Missiles
 d - 96 bolts
 j - 321 stones (quivered)
 s - 157 arrows
 x - 9 tomahawks
 M - 138 sling bullets
Armour
 c - the +1 leather armour of the Peculiar Suns {rCorr Dex+7}
   (You found it on level 5 of the Dungeon)

   It affects your dexterity (+7).
   It protects you from acid and corrosion.
 e - a +0 pair of boots (worn)
 p - a scarf of spirit shield (worn)
 u - a +1 buckler (worn)
 v - a +2 hat (worn)
 C - a +0 pair of gloves (worn)
 D - a +3 leather armour of positive energy
 Q - the +5 scale mail of the Echidna (worn) {SInv}
   (You bought it in a shop on level 4 of the Dungeon)

   It lets you see invisible.
Jewellery
 a - an uncursed ring of see invisible
 i - an uncursed ring of flight
 t - the amulet of the Lily (around neck) {*Corrode +Rage Int+6}
   (You found it on level 7 of the Dungeon)

   [amulet of rage]

   It affects your intelligence (+6).
   It lets you go berserk.
   It may corrode you when you take damage.
 N - a +4 ring of intelligence
 O - an uncursed ring of fire
 T - a +5 ring of protection (right hand)
 X - a +5 ring of strength (left hand)
Wands
 h - a wand of iceblast (10/15)
 o - a wand of acid (2/15)
 I - a wand of disintegration (15/24)
 S - a wand of lightning (8/15)
Scrolls
 l - 5 scrolls of remove curse
 y - a scroll of brand weapon
 A - 2 scrolls of amnesia
 B - 4 scrolls of teleportation
 G - 5 scrolls of immolation
 H - 3 scrolls of magic mapping
Potions
 k - 2 potions of might
 m - 4 potions of flight
 n - 6 potions of curing
 r - 2 potions of haste
 z - 3 potions of brilliance
 P - 2 potions of ambrosia
 R - 2 potions of agility
 U - a potion of invisibility {unknown}
 W - a potion of resistance {unknown}
 Z - a potion of cancellation {unknown}
Books
 b - a book of Geomancy

   Spells                             Type                      Level
   a - Sandblast                      Earth                        1
   b - Passwall                       Transmutation/Earth          2
   c - Stone Arrow                    Conjuration/Earth            3
   d - Petrify                        Transmutation/Earth          4
   e - Lee's Rapid Deconstruction     Earth                        5
 g - a book of Changes

   Spells                             Type                      Level
   a - Beastly Appendage              Transmutation                1
   b - Sticks to Snakes               Transmutation                2
   c - Spider Form                    Transmutation/Poison         3
   d - Ice Form                       Ice/Transmutation            4
   e - Blade Hands                    Transmutation                5
 Y - a book of Callings

   Spells                             Type                      Level
   a - Summon Small Mammal            Summoning                    1
   b - Call Imp                       Summoning                    2
   c - Call Canine Familiar           Summoning                    3
   d - Summon Guardian Golem          Hexes/Summoning              3
   e - Summon Lightning Spire         Summoning/Air                4
   f - Summon Ice Beast               Ice/Summoning                4
Comestibles
 f - 12 bread rations
 q - 2 chunks of flesh
 F - 6 meat rations


   Skills:
 + Level 7.8 Fighting
 + Level 6.2 Short Blades
 + Level 6.2 Long Blades
 + Level 6.2 Axes
 + Level 6.2 Maces & Flails
 + Level 6.2 Polearms
 + Level 6.2 Staves
 + Level 6.2 Slings
 + Level 6.2 Bows
 + Level 10.5 Crossbows
 + Level 6.2 Throwing
 + Level 6.2 Armour
 + Level 7.8 Dodging
 + Level 6.6 Stealth
 + Level 6.2 Shields
 + Level 6.2 Unarmed Combat
 + Level 6.2 Spellcasting
 + Level 6.2 Conjurations
 + Level 6.2 Hexes
 + Level 6.2 Charms
 + Level 6.2 Summonings
 + Level 6.2 Necromancy
 + Level 6.2 Translocations
 + Level 6.2 Transmutations
 + Level 6.2 Fire Magic
 + Level 6.2 Ice Magic
 + Level 6.2 Air Magic
 + Level 6.2 Earth Magic
 + Level 6.2 Poison Magic
 + Level 6.2 Invocations
 + Level 6.2 Evocations


You had 20 spell levels left.
You knew the following spells:

 Your Spells              Type           Power        Failure   Level  Hunger
a - Sticks to Snakes      Tmut           ####....     2%          2    None


Dungeon Overview and Level Annotations

Branches:
Dungeon (11/15)            Temple (1/1) D:5             Orc (2/2) D:9
    Elf (0/3) Orc:2
   Lair: D:8-11

Altars:
Ashenzari
Dithmenos
Gozag
Hepliaklqana
Kikubaaqudgha
Nemelex Xobeh
Okawaru
Ru
Trog
Vehumet
Yredelemnul

Shops:
D:4 [*}   D:9 [


Innate Abilities, Weirdness & Mutations

Your experience applies equally to all skills.
You have very sharp teeth.
Your uncanny sense of smell can sniff out nearby items.
Your mind is acute. (Int +2)
You are resistant to electric shocks. (rElec)
Your muscles are strong. (Str +2)
You are occasionally teleported next to monsters.


Message History

An orc comes into view. It is wielding a short sword.
The orc shouts!
Okay, then.
Blink to where?
Press: ? - help, Dir - move target cursor, p - orc high priest You are very lightly contaminated with residual magic.
As you read the scroll of blinking, it crumbles to dust.
An orc warrior and an orc priest come into view.
The orc warrior is wielding a battleaxe of flaming.
The orc warrior shouts!
The orc priest calls down the wrath of Beogh upon you.
Pain shoots through your body!
* * * LOW HITPOINT WARNING * * *
As you read the scroll of teleportation, it crumbles to dust.
You feel strangely unstable.
The soul eater draws from the surrounding life force!
* * * LOW HITPOINT WARNING * * *
The orc priest looks encouraged for a moment.
The soul eater draws from the surrounding life force!
You die...

.........o...........
#...................#
#..................##
##.............(....#
##..............(...#
#....o...........(..#
#.........(...3......##
#.......o@.h(o.3ยง......#
#..........o..4.o..o....#
#....$...........o..(...##
##.....................#(..#
##..........................#
#.................#.......(.#
###...........................#
#..................#..........#
.).................##........##


You could see 2 soul eaters, an orc high priest, a chaos spawn, a warg, 2 orc
warriors, 2 orc priests and 2 orcs.

Vanquished Creatures
  Erolcha (D:9)
  A two-headed ogre (D:9)
  Sonja (Orc:2)
  An unseen horror (D:10)
  Pikel (D:7)
  The ghost of ciphuk the Quickloader, a novice KoHu (D:5)
  Joseph (D:8)
  A troll (Orc:1)
  A wyvern (D:8)
  3 yaks (D:8)
  The ghost of haldagan the Slasher, an amateur BaMo (D:4)
  A hungry ghost (D:7)
  A warg (D:9)
  Duvessa (D:6)
  A sky beast (D:6)
  8 orc warriors
  A phantom (D:9)
  4 ice beasts
  2 slaves (D:7)
  11 ogres
  3 centaurs
  3 bullfrogs
  Dowan (D:6)
  4 killer bees (D:8)
  4 electric eels (D:7)
  A howler monkey (D:7)
  2 bullfrog zombies (D:5)
  A jelly (D:5)
  A centaur skeleton (D:4)
  2 hounds
  9 orc priests
  15 orc wizards
  Crazy Yiuf (D:6)
  2 bullfrog skeletons
  5 worker ants
  A hound zombie (D:8)
  A worker ant zombie (D:6)
  4 gnolls (D:7)
  6 adders
  3 shadow imps
  2 oozes
  An adder skeleton (D:10)
  2 adder zombies (D:5)
  A worm (D:3)
  5 dart slugs
  6 leopard geckos
  55 orcs
  2 bats
  4 giant cockroaches
  6 goblins
  7 hobgoblins
  9 jackals
  A quokka (D:7)
  A ball python (D:5)
  6 frilled lizards
  3 kobolds
  A leopard gecko zombie (D:6)
  8 rats
232 creatures vanquished.

Vanquished Creatures (others)
  A jackal (D:7)
1 creature vanquished.

Grand Total: 233 creatures vanquished

Notes
Turn   | Place    | Note
-------+----------+-------------------------------------------
     0 | D:1      | Internecine the Gnoll Hunter began the quest for the Orb.
     0 | D:1      | Reached XP level 1. HP: 20/20 MP: 1/1
   220 | D:1      | Reached XP level 2. HP: 26/26 MP: 2/2
   909 | D:2      | Reached XP level 3. HP: 31/31 MP: 3/3
  1532 | D:2      | You fall through a shaft!
  1534 | D:3      | Reached skill level 1 in Short Blades
  1534 | D:3      | Reached skill level 1 in Long Blades
  1534 | D:3      | Reached skill level 1 in Axes
  1534 | D:3      | Reached skill level 1 in Maces & Flails
  1534 | D:3      | Reached skill level 1 in Polearms
  1534 | D:3      | Reached skill level 1 in Staves
  1534 | D:3      | Reached skill level 1 in Slings
  1534 | D:3      | Reached skill level 1 in Bows
  1534 | D:3      | Reached skill level 1 in Throwing
  1534 | D:3      | Reached skill level 1 in Armour
  1534 | D:3      | Reached skill level 1 in Shields
  1534 | D:3      | Reached skill level 1 in Unarmed Combat
  1534 | D:3      | Reached skill level 1 in Spellcasting
  1534 | D:3      | Reached skill level 1 in Conjurations
  1534 | D:3      | Reached skill level 1 in Hexes
  1534 | D:3      | Reached skill level 1 in Charms
  1534 | D:3      | Reached skill level 1 in Summonings
  1534 | D:3      | Reached skill level 1 in Necromancy
  1534 | D:3      | Reached skill level 1 in Translocations
  1534 | D:3      | Reached skill level 1 in Transmutations
  1534 | D:3      | Reached skill level 1 in Fire Magic
  1534 | D:3      | Reached skill level 1 in Ice Magic
  1534 | D:3      | Reached skill level 1 in Air Magic
  1534 | D:3      | Reached skill level 1 in Earth Magic
  1534 | D:3      | Reached skill level 1 in Poison Magic
  1534 | D:3      | Reached skill level 1 in Invocations
  1534 | D:3      | Reached skill level 1 in Evocations
  1538 | D:3      | Reached XP level 4. HP: 31/38 MP: 5/5
  1645 | D:3      | Reached XP level 5. HP: 43/43 MP: 6/6
  2487 | D:4      | Noticed haldagan's ghost (amateur BaMo)
  2494 | D:4      | Killed haldagan's ghost
  2494 | D:4      | Reached XP level 6. HP: 50/50 MP: 8/8
  2642 | D:4      | Found Kumm's Armour Shop.
  2721 | D:4      | Reached skill level 5 in Fighting
  2721 | D:4      | Reached skill level 5 in Dodging
  2997 | D:4      | Found Goecem's Assorted Antiques.
  3153 | D:4      | Got a translucent hunting sling
  3154 | D:4      | Identified the +9 hunting sling "Tual" {velocity, Int+5} (You found it on level 4 of the Dungeon)
  3214 | D:4      | Found Juogam's Gadget Shop.
  3231 | D:4      | Reached XP level 7. HP: 56/56 MP: 10/10
  3367 | D:5      | Entered Level 5 of the Dungeon
  3505 | D:5      | Found a staircase to the Ecumenical Temple.
  3524 | Temple   | Entered the Ecumenical Temple
  3541 | Temple   | Became a worshipper of Warmaster Okawaru
  3748 | D:5      | Reached skill level 9 in Crossbows
  3889 | D:4      | Bought a jacinth-encrusted scale mail for 189 gold pieces
  3899 | D:4      | Identified the +5 scale mail of the Echidna {SInv} (You bought it in a shop on level 4 of the Dungeon)
  4001 | D:5      | Noticed ciphuk's ghost (novice KoHu)
  4025 | D:5      | Killed ciphuk's ghost
  4025 | D:5      | Reached XP level 8. HP: 60/64 MP: 10/12
  4359 | D:5      | Got a twisted leather armour
  4370 | D:5      | Identified the +1 leather armour of the Peculiar Suns {rCorr Dex+7} (You found it on level 5 of the Dungeon)
  4638 | D:6      | Found a shadowy altar of Dithmenos.
  4658 | D:6      | Reached * piety under Okawaru
  4808 | D:6      | Reached XP level 9. HP: 69/69 MP: 14/14
  4868 | D:6      | Found a bloodstained altar of Trog.
  4872 | D:6      | Noticed Duvessa
  4885 | D:6      | Noticed Dowan
  4885 | D:6      | Killed Duvessa
  4897 | D:6      | Killed Dowan
  4997 | D:6      | Found a runed door.
  5001 | D:6      | Noticed Crazy Yiuf
  5005 | D:6      | Killed Crazy Yiuf
  5098 | D:6      | Found a shattered altar of Ashenzari.
  5160 | D:6      | Reached ** piety under Okawaru
  5783 | D:7      | Found a hazy altar of Hepliaklqana.
  5787 | D:7      | Reached skill level 5 in Stealth
  5815 | D:7      | Found an opulent altar of Gozag.
  6069 | D:7      | Found a sacrificial altar of Ru.
  6221 | D:7      | Noticed Pikel
  6248 | D:7      | Killed Pikel
  6248 | D:7      | Reached *** piety under Okawaru
  6449 | D:7      | Reached XP level 10. HP: 77/77 MP: 17/17
  6859 | D:7      | Got a scintillating brass amulet
  6861 | D:7      | Identified the amulet of the Lily {*Corrode +Rage Int+6} (You found it on level 7 of the Dungeon)
  6934 | D:8      | Found a sparkling altar of Nemelex Xobeh.
  6955 | D:8      | Reached skill level 5 in Short Blades
  6955 | D:8      | Reached skill level 5 in Long Blades
  6955 | D:8      | Reached skill level 5 in Axes
  6955 | D:8      | Reached skill level 5 in Maces & Flails
  6955 | D:8      | Reached skill level 5 in Polearms
  6955 | D:8      | Reached skill level 5 in Staves
  6955 | D:8      | Reached skill level 5 in Slings
  6955 | D:8      | Reached skill level 5 in Bows
  6955 | D:8      | Reached skill level 5 in Throwing
  6955 | D:8      | Reached skill level 5 in Armour
  6955 | D:8      | Reached skill level 5 in Shields
  6955 | D:8      | Reached skill level 5 in Unarmed Combat
  6955 | D:8      | Reached skill level 5 in Spellcasting
  6955 | D:8      | Reached skill level 5 in Conjurations
  6955 | D:8      | Reached skill level 5 in Hexes
  6955 | D:8      | Reached skill level 5 in Charms
  6955 | D:8      | Reached skill level 5 in Summonings
  6955 | D:8      | Reached skill level 5 in Necromancy
  6955 | D:8      | Reached skill level 5 in Translocations
  6955 | D:8      | Reached skill level 5 in Transmutations
  6955 | D:8      | Reached skill level 5 in Fire Magic
  6955 | D:8      | Reached skill level 5 in Ice Magic
  6955 | D:8      | Reached skill level 5 in Air Magic
  6955 | D:8      | Reached skill level 5 in Earth Magic
  6955 | D:8      | Reached skill level 5 in Poison Magic
  6955 | D:8      | Reached skill level 5 in Invocations
  6955 | D:8      | Reached skill level 5 in Evocations
  7158 | D:8      | Noticed Joseph
  7165 | D:8      | Killed Joseph
  7165 | D:8      | Reached skill level 10 in Crossbows
  7836 | D:9      | Noticed Erolcha
  7841 | D:9      | Killed Erolcha
  7841 | D:9      | Reached **** piety under Okawaru
  7925 | D:9      | Found a staircase to the Orcish Mines.
  7982 | D:9      | Upgraded the game from 0.21-a0-346-g330ab2c to 0.21-a0-348-ga060c75
  7994 | D:9      | Gained mutation: You evolve. [potion of mutation]
  7994 | D:9      | Gained mutation: You have large cloven feet. [potion of mutation]
  8030 | D:9      | Learned a level 2 spell: Sticks to Snakes
  8136 | D:10     | Entered Level 10 of the Dungeon
  8313 | D:10     | Noticed an unseen horror
  8321 | D:10     | Killed an unseen horror
  8321 | D:10     | Reached XP level 11. HP: 79/84 MP: 17/19
  8409 | D:10     | Lost mutation: You have large cloven feet. [potion of mutation]
  8409 | D:10     | Lost mutation: You evolve. [potion of mutation]
  8409 | D:10     | Gained mutation: You are resistant to electric shocks. (rElec) [potion of mutation]
  8409 | D:10     | Gained mutation: You are occasionally teleported next to monsters. [potion of mutation]
  8409 | D:10     | Gained mutation: Your mind is acute. (Int +2) [potion of mutation]
  8409 | D:10     | Gained mutation: Your muscles are strong. (Str +2) [potion of mutation]
  8515 | D:9      | Noticed a two-headed ogre
  8520 | D:9      | Killed a two-headed ogre
  8756 | D:9      | Found Zodoapt's Armour Shop.
  9178 | Orc:1    | Entered Level 1 of the Orcish Mines
  9909 | Orc:2    | Entered Level 2 of the Orcish Mines
  9909 | Orc:2    | Found a staircase to the Elven Halls.
 10072 | Orc:2    | Noticed Sonja
 10079 | Orc:2    | Killed Sonja
 10090 | Orc:2    | Noticed an orc high priest
 10092 | Orc:2    | Noticed a soul eater
 10092 | Orc:2    | Noticed a soul eater
 10100 | Orc:2    | HP: 2/86 [soul eater/drain life[an orc high priest] (12)]
 10100 | Orc:2    | Killed from afar by a soul eater

Vault maps used:
D:1:      minmay_arrival_cross
D:3:      first_bread, minmay_crystal_water
D:4:      serial_shops, kennysheep_little_box, shop_fountains, shop,
          minivault_14
D:5:      minmay_temple_entry_glassed_door
D:6:      lemuel_doored_altar, nicolae_overflow_crystal_walls,
          lemuel_round_altar, uniq_duvessa, uniq_crazy_yiuf_cottage
D:7:      nicolae_ru_path_of_blood, lemuel_crystal_altar,
          nicolae_overflow_hidden_temple, minmay_strange_pillars,
          grunt_ogre_cave, grunt_ministairs_9, water_maze_lemuel, uniq_pikel
D:8:      nemelex_xobeh_ov_fountains_minmay, minmay_radiant, uniq_joseph
D:9:      david_orc_3, serial_shops, shop, uniq_erolcha
D:10:     basic_altar, uniq_harold, uniq_grum
D:11:     due_lair_maze_entry_diamond
Temple:   regret_index_temple_waves
Orc:2:    pf_orc_diabolical, mines2_david, uniq_sonja

Skill      XL: |  1  2  3  4  5  6  7  8  9 10 11 |
---------------+----------------------------------+-----
Short Blades   | 1 2 3 4 5 6 |  6.2
Long Blades    | 1 2 3 4 5 6 |  6.2
Axes           | 1 2 3 4 5 6 |  6.2
Maces & Flails | 1 2 3 4 5 6 |  6.2
Polearms       | 1 2 3 4 5 6 |  6.2
Staves         | 1 2 3 4 5 6 |  6.2
Slings         | 1 2 3 4 5 6 |  6.2
Bows           | 1 2 3 4 5 6 |  6.2
Throwing       | 1 2 3 4 5 6 |  6.2
Armour         | 1 2 3 4 5 6 |  6.2
Shields        | 1 2 3 4 5 6 |  6.2
Unarmed Combat | 1 2 3 4 5 6 |  6.2
Spellcasting   | 1 2 3 4 5 6 |  6.2
Conjurations   | 1 2 3 4 5 6 |  6.2
Hexes          | 1 2 3 4 5 6 |  6.2
Charms         | 1 2 3 4 5 6 |  6.2
Summonings     | 1 2 3 4 5 6 |  6.2
Necromancy     | 1 2 3 4 5 6 |  6.2
Translocations | 1 2 3 4 5 6 |  6.2
Transmutations | 1 2 3 4 5 6 |  6.2
Fire Magic     | 1 2 3 4 5 6 |  6.2
Ice Magic      | 1 2 3 4 5 6 |  6.2
Air Magic      | 1 2 3 4 5 6 |  6.2
Earth Magic    | 1 2 3 4 5 6 |  6.2
Poison Magic   | 1 2 3 4 5 6 |  6.2
Invocations    | 1 2 3 4 5 6 |  6.2
Evocations     | 1 2 3 4 5 6 |  6.2
Stealth        | 3 4 5 6 |  6.6
Fighting       | 5 6 7 |  7.8
Dodging        | 5 6 7 |  7.8
Crossbows      | 9 10 | 10.5

Action                   |  1- 3 |  4- 6 |  7- 9 | 10-12 || total
-------------------------+-------+-------+-------+-------++-------
Melee: Short sword       |       |     9 |    10 |       ||    19
       Bite              |       |     1 |     1 |     4 ||     6
       Broad axe         |       |       |       |    56 ||    56
 Fire: Hand crossbow     |    78 |    80 |       |       ||   158
       Hunting sling     |       |     4 |   223 |   201 ||   428
Invok: Heroism           |       |       |       |     2 ||     2
 Abil: Evoke Flight      |       |       |       |     2 ||     2
  Use: Scroll            |       |     9 |     6 |     7 ||    22
       Potion            |       |       |       |     8 ||     8
  Eat: Chunk             |       |     6 |     4 |     5 ||    15
       Meat ration       |       |       |     1 |     1 ||     2
       Fruit             |       |       |     1 |       ||     1
       Royal jelly       |       |       |       |     2 ||     2
Armor: Leather armour    |     2 |     8 |       |       ||    10
       Chain mail        |       |    12 |    10 |       ||    22
       Scale mail        |       |       |    31 |    27 ||    58
Dodge: Dodged            |    23 |    23 |    58 |    69 ||   173
Block: Buckler           |     2 |     3 |    24 |    34 ||    63

Table legend:
 A = Spawn XP
 B = Non-spawn XP
 C = Spawn XP percentage of total XP
 D = Spawn monster count
 E = Non-spawn monster count
 F = Spawn count percentage of total count
 G = Total turns spent on level
                    A         B        C        D         E        F      G
               +---------+---------+-------+---------+---------+-------+---------
         Total |       0 |   13256 |   0.0 |       0 |     230 |   0.0 | 10100
               +---------+---------+-------+---------+---------+-------+---------
           D:1 |       0 |      33 |   0.0 |       0 |      14 |   0.0 |   857
           D:2 |       0 |      38 |   0.0 |       0 |      17 |   0.0 |   675
           D:3 |       0 |     159 |   0.0 |       0 |      27 |   0.0 |   931
           D:4 |       0 |     430 |   0.0 |       0 |      12 |   0.0 |   978
           D:5 |       0 |    1038 |   0.0 |       0 |      17 |   0.0 |  1055
           D:6 |       0 |    1291 |   0.0 |       0 |      23 |   0.0 |   793
           D:7 |       0 |    1941 |   0.0 |       0 |      30 |   0.0 |  1601
           D:8 |       0 |    2113 |   0.0 |       0 |      28 |   0.0 |   897
           D:9 |       0 |    2562 |   0.0 |       0 |      18 |   0.0 |  1056
          D:10 |       0 |     864 |   0.0 |       0 |       5 |   0.0 |   298
         Orc:1 |       0 |    1718 |   0.0 |       0 |      33 |   0.0 |   731
         Orc:2 |       0 |    1069 |   0.0 |       0 |       6 |   0.0 |   191
               +---------+---------+-------+---------+---------+-------+---------
